 Dungeon Crawl Stone Soup version 0.25.0-9-g26727b657a (webtiles) character file.

Game seed: 5834350812915378405

116 Esekla the Slasher (level 5, -2/31 HPs)
             Began as an Octopode Skald on June 19, 2020.
             Was a Follower of Hepliaklqana.
             Slain by an orc priest
             ... wielding an uncursed staff of wizardry
              (4 damage)
             ... on level 4 of the Dungeon.
             The game lasted 00:08:21 (2241 turns).

Esekla the Slasher (Octopode Skald)                 Turns: 2241, Time: 00:08:22

Health: -2/31      AC:  1    Str: 10    XL:     5   Next: 0%
Magic:  6/8        EV: 14    Int: 15    God:    Hepliaklqana [*.....]
Gold:   81         SH:  0    Dex: 13    Spells: 3/8 levels left

rFire    . . .     SeeInvis .   v - +0 dagger (venom)
rCold    . . .     Gourm    .   (no shield)
rNeg     . . .     Faith    .   (helmet restricted)
rPois    .         Spirit   .   (no amulet)
rElec    .         Reflect  .   (no ring)
rCorr    .         Harm     .   (no ring)
MR       .....                  (no ring)
Stlth    +++.......             (no ring)
HPRegen  0.10/turn              (no ring)
MPRegen  0.11/turn              (no ring)
                                (no ring)
                                (no ring)

@: very slightly contaminated
A: almost no armour, stealthy swim, amphibious, 8 rings, constrict 8, reduced
essence, camouflage 1, gelatinous body 1
a: Recall Ancestor, Ancestor Identity, Renounce Religion


You were on level 4 of the Dungeon.
You worshipped Hepliaklqana.
Hepliaklqana was aware of your devotion.
You were hungry.

You visited 1 branch of the dungeon, and saw 4 of its levels.

You collected 81 gold pieces.

Inventory:

Hand Weapons
 a - a +0 falchion
 v - a +0 dagger of venom (weapon)
Missiles
 n - 6 silver javelins (quivered)
Jewellery
 k - an uncursed ring of ice
Scrolls
 d - 4 scrolls of identify {unknown}
 e - a scroll of noise {unknown}
 f - 6 scrolls of remove curse {unknown}
 g - a scroll of immolation {unknown}
 j - a scroll of teleportation {unknown}
 m - a scroll of enchant weapon {unknown}
Potions
 b - 2 potions of heal wounds {unknown}
 h - a potion of haste {unknown}
 i - a potion of curing {unknown}
 l - 2 potions of resistance {unknown}
 o - a potion of lignification {unknown}
Comestibles
 c - 6 rations


   Skills:
 + Level 2.5 Fighting
 + Level 0.1(2.0) Short Blades
 * Level 3.4 Long Blades
 * Level 3.1 Dodging
 + Level 1.5 Stealth
 + Level 2.3 Spellcasting
 - Level 3.0 Charms
 * Level 1.0 Translocations


You had 3 spell levels left.
You knew the following spells:

 Your Spells              Type           Power        Failure   Level  Hunger
a - Infusion              Chrm           ##..         6%          1    #......
g - Shroud of Golubria    Chrm/Tloc      #.....       14%         2    ###....
s - Song of Slaying       Chrm           ##......     10%         2    ###....

Your spell library contained the following spells:

 Spells                   Type           Power        Failure   Level  Hunger
 Ozocubu's Armour         Chrm/Ice       #.......     34%         3    ###....
 Spectral Weapon          Hex/Chrm       #.......     34%         3    ###....


Dungeon Overview and Level Annotations

Branches:
Dungeon (4/15)
 Temple: D:4-7

Altars:
Cheibriados
Hepliaklqana


Innate Abilities, Weirdness & Mutations

You cannot wear most types of armour.
You are very stealthy in the water. (Stealth+)
You are amphibious.
You can wear up to eight rings at the same time.
You can use your tentacles to constrict eight enemies at once.
Your skin changes colour to match your surroundings (Stealth+).
Your rubbery body absorbs attacks. (AC +1, EV +1)
Your life essence is reduced to manifest your ancestor. (-10% HP)


Message History

You release your grip on the worker ant.
The worker ant bites Arammadara.
The orc hits you with a +0 trident!
* * * LOW HITPOINT WARNING * * *
Things that are here:
a +0 dagger; an orc corpse You completely miss the orc.
You grab the orc.
You constrict the orc, but do no damage.
Arammadara hits the worker ant.
The worker ant bites Arammadara.
The orc closely misses you.
You hit the orc.
The orc is poisoned.
You squeeze the orc.
You kill the orc!
You kill the worker ant!
Your Translocations skill increases to level 1!
The orc priest casts a cantrip, but nothing happens.
You closely miss the orc. You grab the orc. You constrict the orc.
The orc closely misses you.
Arammadara hits the orc.
The orc dies!
You have reached level 5!
You feel agile.
The orc priest hits you with an uncursed staff of wizardry.
You die...

##.# .# .# ...# #..
..... # #†##
#.###.###..# #.#
##.#.....#..# #.#
..#.###.#..% #.#####
#.#.....#..#
......######.#.###.#..#
#####....$...#.o...#..#
########.###@###...
##..)R...# #.#.#...#
#.....### #######


You could see the friendly Arammadara the ancestor and an orc priest.

Vanquished Creatures
  A worker ant (D:4)
  3 adders (D:2)
  2 oozes (D:1)
  2 worms
  A dart slug (D:1)
  3 leopard geckos
  2 orcs (D:4)
  5 bats
  2 giant cockroaches
  5 hobgoblins
  2 ball pythons (D:2)
  3 frilled lizards
  2 goblins (D:2)
  4 kobolds
  5 rats
42 creatures vanquished.

Vanquished Creatures (collateral kills)
  2 orcs (D:4)
  A giant cockroach (D:3)
  A kobold (D:3)
4 creatures vanquished.

Grand Total: 46 creatures vanquished

Notes
Turn   | Place    | Note
-------+----------+-------------------------------------------
     0 | D:1      | Esekla the Octopode Skald began the quest for the Orb.
     0 | D:1      | Reached XP level 1. HP: 14/14 MP: 3/3
   350 | D:1      | Reached XP level 2. HP: 12/19 MP: 5/5
   476 | D:1      | Learned a level 2 spell: Shroud of Golubria
   479 | D:1      | Learned a level 2 spell: Song of Slaying
   621 | D:1      | Reached XP level 3. HP: 13/24 MP: 6/6
  1200 | D:2      | Found a faded altar of an unknown god.
  1633 | D:2      | Reached skill level 1 in Stealth
  1679 | D:2      | Reached XP level 4. HP: 29/29 MP: 4/7
  1989 | D:2      | Became a worshipper of Hepliaklqana the Forgotten
  1989 | D:2      | Reached * piety under Hepliaklqana
  2059 | D:3      | Found a snail-covered altar of Cheibriados.
  2239 | D:4      | Reached skill level 1 in Translocations
  2240 | D:4      | Reached XP level 5. HP: 2/31 MP: 5/8
  2241 | D:4      | Slain by an orc priest

Illustrated notes

Levels and vault maps discovered:
D:1:      saegor_arrival_simple_a, layout_rooms
D:2:      layout_basic, first_ration, chequers_ecumenical_altar_simple
D:3:      layout_rooms, lightli_temple_of_fire, lemuel_round_altar,
          chequers_temple_overflow_statue_of_worship, ebering_ghost_sewer_f
D:4:      layout_basic, minmay_checkerbox, uniq_duvessa

Skill      XL: |  1  2  3  4 |
---------------+-------------+-----
Dodging        | 3 |  3.1
Long Blades    | 3 |  3.4
Stealth        | 1 |  1.5
Translocations | 1 |  1.0
Fighting       | |  2.5
Short Blades   | |  0.1
Spellcasting   | |  2.3
Charms         | |  3.0

Action                   |  1- 3 |  4- 6 || total
-------------------------+-------+-------++-------
Melee: Falchion          |    59 |       ||    59
       Constrict         |    17 |     9 ||    26
       Tentacles         |    13 |     2 ||    15
       Dagger            |     3 |    24 ||    27
 Cast: Shroud of Golubri |     3 |     2 ||     5
 Stab: Sleeping          |     4 |       ||     4
  Eat: Chunk             |     3 |     1 ||     4
Armor: Skin              |     4 |       ||     4
Dodge: Dodged            |    39 |    20 ||    59
       Rpst.: Falchion   |     9 |       ||     9
